 Dungeon Crawl Stone Soup version 0.27-a0-972-gd1521fd518 (webtiles) character file.

Game seed: 6644434695562997513

22 kae the Ruffian (level 2, 0/23 HPs)
             Began as a Draconian Transmuter on Apr 13, 2021.
             Slain by a kobold
             ... wielding a +3 dagger of flaming
              (2 damage)
             ... on level 2 of the Dungeon.
             The game lasted 00:00:20 (1143 turns).

kae the Ruffian (Draconian Transmuter)              Turns: 1143, Time: 00:00:20

Health: 0/23       AC:  4    Str: 12    XL:     2   Next: 68%
Magic:  4/5        EV: 12    Int: 13    God:
Gold:   53         SH:  0    Dex: 11    Spells: 4/5 levels left

rFire    . . .     SeeInvis .     - Unarmed
rCold    . . .     Faith    .   (no shield)
rNeg     . . .     Spirit   .   (armour unavailable)
rPois    .         Reflect  .   (helmet restricted)
rElec    .         Harm     .   (no cloak)
rCorr    .         Rampage  .   (no gloves)
Will     .....                  (no boots)
Stlth    +.........             (no amulet)
HPRegen  0.07/turn              (no ring)
MPRegen  0.09/turn              (no ring)

@: very slightly contaminated
A: AC +4, unfitting armour, cold-blooded
a: no special abilities


You were on level 2 of the Dungeon.
You visited 1 branch of the dungeon, and saw 2 of its levels.

You collected 53 gold pieces.

Inventory:

Scrolls
 b - a scroll of immolation {unknown}
 c - a scroll of enchant weapon {unknown}
 f - a scroll of identify {unknown}
Potions
 a - a potion of haste {unknown}
 d - 2 potions of lignification {unknown}
 e - a potion of magic {unknown}


   Skills:
 + Level 1.4 Fighting
 + Level 1.9 Dodging
 * Level 3.3 Unarmed Combat
 + Level 2.1 Spellcasting
 * Level 2.5 Transmutations


You had 4 spell levels left.
You knew the following spells:

 Your Spells              Type           Power      Damage    Failure   Level
a - Beastly Appendage     Tmut           14%        N/A       9%          1

Your spell library contained the following spells:

 Spells                   Type           Power      Damage    Failure   Level
 Wereblood                Tmut           7%         N/A       14%         2
 Spider Form              Tmut/Pois      2%         N/A       41%         3
 Ice Form                 Ice/Tmut       4%         N/A       83%         4
 Hydra Form               Tmut           3%         N/A       94%         5


Dungeon Overview and Level Annotations

Branches:
Dungeon (2/15)

Altars:


Innate Abilities, Weirdness & Mutations

Your plain brown scales are hard. (AC +4)
You cannot fit into any form of body armour.
You are cold-blooded and may be slowed by cold attacks.


Message History

There are monsters nearby!
Casting: Beastly Appendage (safe; 9% risk of failure)
Confirm with . or Enter, or press ? or * to list all spells.
You miscast Beastly Appendage.
You are very lightly contaminated with residual magic.
Nothing appears to happen.
The endoplasm closely misses you.
There are monsters nearby!
You hit the endoplasm.
The endoplasm is severely wounded.
The endoplasm completely misses you.
You hit the endoplasm.
You kill the endoplasm!
The kobold throws a stone.
The stone closely misses you.
A kobold is nearby!
The kobold throws a stone.
The stone hits you.
Found 7 gold pieces.
The kobold hits you with a +3 dagger of flaming.
The kobold burns you.
A kobold is nearby!
You barely miss the kobold.
The kobold hits you with a +3 dagger of flaming.
The kobold burns you.
You are too injured to fight recklessly!
A kobold is nearby!
You are too injured to fight recklessly!
You are too injured to fight recklessly!
A kobold is nearby!
You are too injured to fight recklessly!
You are too injured to fight recklessly!
You are too injured to fight recklessly!
You are too injured to fight recklessly!
You barely miss the kobold.
The kobold hits you with a +3 dagger of flaming.
The kobold burns you.
* * * LOW HITPOINT WARNING * * *
You barely miss the kobold.
The kobold hits you with a +3 dagger of flaming.
* * * LOW HITPOINT WARNING * * *
The kobold burns you.
You die...

#########
#.......#
#....<..# .
###.....$.##...
...............
###....@..##...
#....K..# ..
#####.### . #.#
..# #.# #$# #.#


You could see a kobold.

Vanquished Creatures
  3 endoplasms
  2 goblins (D:1)
  4 jackals (D:1)
  3 quokkas (D:1)
  A ball python (D:1)
  A frilled lizard (D:1)
  2 kobolds (D:1)
  4 rats (D:1)
20 creatures vanquished.

Notes
Turn   | Place    | Note
-------+----------+-------------------------------------------
     0 | D:1      | kae the Draconian Transmuter began the quest for the Orb.
     0 | D:1      | Reached XP level 1. HP: 16/16 MP: 3/3
   289 | D:1      | Reached XP level 2. HP: 23/23 MP: 5/5
   465 | D:1      | Found a faded altar of an unknown god.
  1143 | D:2      | Slain by a kobold

Illustrated notes

Levels and vault maps discovered:
D:1:      dpeg_arrival_boxes_within_box, layout_basic,
          ebering_ecumenical_altar_box
D:2:      layout_basic

Action                   || total
-------------------------++-------
Melee: Unarmed           ||    49
       Kick              ||     9
       Headbutt          ||     4
       Tailslap          ||     2
 Cast: Beastly Appendage ||    13
 Stab: Sleeping          ||     1
Armor: Skin              ||     9
Dodge: Dodged            ||    40

Table legend: (Time is in decaauts)
 A = Elapsed time spent in this place.
 B = Non-inter-level travel time spent in this place.
 C = Inter-level travel time spent in this place.
 D = Time resting spent in this place.
 E = Time spent auto-exploring this place.
 F = Levels seen in this place.
 G = Mean time per level.
                   A        B        C        D        E       F      G
               +--------+--------+--------+--------+--------+-----+--------+
         Total |   1140 |   1125 |     15 |      0 |    997 |   2 |  570.0 |
       Dungeon |   1140 |   1125 |     15 |      0 |    997 |   2 |  570.0 |
               +--------+--------+--------+--------+--------+-----+--------+

Top non-repeatable levels by time:
     D:1: 1131 daAuts
     D:2: 9 daAuts
